 Dungeon Crawl Stone Soup version 0.25-a0-558-g78a2afb0af (webtiles) character file.

Game seed: 18225430291433725244, levelgen mode: deterministic

18749 dungeonSynth the Geomancer (level 12, 0/81 HPs)
             Began as an Octopode Earth Elementalist on Feb 24, 2020.
             Was an Elder of Ru.
             Killed by refrigeration
             ... invoked by Fannar
              (25 damage)
             ... on level 12 of the Dungeon.
             The game lasted 00:54:34 (17948 turns).

dungeonSynth the Geomancer (OpEE)                  Turns: 17948, Time: 00:54:36

Health: 0/81       AC:  1    Str:  8      XL:     12   Next: 61%
Magic:  18/32      EV: 12    Int: 23 (25) God:    Ru [****..]
Gold:   2966       SH: 10    Dex: 10 (13) Spells: 4/26 levels left

rFire    . . .     SeeInvis .   I - +1 flail (protect)
rCold    . . .     Gourm    .   J - +0 kite shield
rNeg     + . .     Faith    .   (helmet restricted)
rPois    +         Spirit   .   u - amulet of the acrobat
rElec    .         Reflect  .   d - ring of positive energy
rCorr    .         Harm     .   r - +4 ring of intelligence
MR       .....                  L - ring of poison resistance
Stlth    +++.......             N - ring of magical power
HPRegen  0.23/turn              (no ring)
MPRegen  0.23/turn              (no ring)
                                (no ring)
                                (no ring)

@: no status effects
A: almost no armour, stealthy swim, amphibious, 8 rings, constrict 8, camouflage
1, gelatinous body 1, inability to use devices, unskilled 1
a: Sacrifice Arcana, Sacrifice Resistance, Sacrifice Drink, Reject Sacrifices,
Draw Out Power, Power Leap, Renounce Religion


You were on level 12 of the Dungeon.
You worshipped Ru.
Ru was greatly pleased with you.
You were very hungry.

You visited 2 branches of the dungeon, and saw 13 of its levels.
You also visited: Ossuary.

You collected 3105 gold pieces.
You spent 139 gold pieces at shops.

Inventory:

Hand Weapons
 n - a +3 quarterstaff of chaos
 w - a +2 dagger of holy wrath
 I - a +1 flail of protection (weapon)
Missiles
 b - 128 stones (quivered)
 j - 40 poisoned darts
Armour
 J - a +0 kite shield (worn)
Jewellery
 d - a ring of positive energy (left tentacle)
 f - a +2 ring of dexterity
 r - a +4 ring of intelligence (right tentacle)
 u - an amulet of the acrobat (around mantle)
 L - a ring of poison resistance (on tentacle)
 N - a ring of magical power (on tentacle)
Scrolls
 a - 4 scrolls of amnesia
 h - 7 scrolls of remove curse
 l - a scroll of teleportation
 o - a scroll of fear
 t - 5 scrolls of enchant weapon
 v - a scroll of fog
 y - a scroll of random uselessness
 A - 3 scrolls of enchant armour
 E - 4 scrolls of magic mapping
 G - a scroll of noise
 H - a scroll of torment
 K - 2 scrolls of blinking
Potions
 e - a potion of mutation
 g - 4 potions of lignification
 i - a potion of ambrosia
 k - 4 potions of heal wounds
 m - 8 potions of curing
 p - 2 potions of haste
 x - a potion of flight
 z - a potion of brilliance
 B - a potion of might
 C - a potion of degeneration
 D - a potion of resistance
Comestibles
 c - 18 rations


   Skills:
 - Level 7.2 Fighting
 - Level 1.7 Dodging
 - Level 2.4 Stealth
 + Level 9.3 Shields
 - Level 7.7 Spellcasting
 - Level 2.2 Hexes
 - Level 6.3 Transmutations
 - Level 10.6 Earth Magic


You had 4 spell levels left.
You knew the following spells:

 Your Spells              Type           Power        Failure   Level  Hunger
a - Sandblast             Erth           ######       1%          1    None
b - Stone Arrow           Conj/Erth      ####..       4%          3    None
c - Passwall              Tmut/Erth      #####...     1%          2    None
d - Lee's Rapid Deconstr  Erth           ######....   5%          5    #####..
e - Petrify               Tmut/Erth      #####...     4%          4    ###....
f - Leda's Liquefaction   Hex/Erth       #####.....   11%         4    ###....
g - Tukima's Dance        Hex            ###.....     19%         3    None

Your spell library contained the following spells:

 Spells                   Type           Power        Failure   Level  Hunger
 Corona                   Hex            ###....      6%          1    None
 Slow                     Hex            ###.....     9%          2    None
 Animate Skeleton         Necr           N/A          14%         1    None
 Apportation              Tloc           #.....       14%         1    None
 Summon Small Mammal      Summ           #...         14%         1    None
 Ensorcelled Hibernation  Hex/Ice        ##....       14%         2    None
 Confusing Touch          Hex            ###.....     19%         3    None
 Dazzling Flash           Conj/Hex       ##....       28%         3    None
 Inner Flame              Hex/Fire       ##......     28%         3    None
 Portal Projectile        Hex/Tloc       ##....       28%         3    None
 Gell's Gravitas          Tloc           #.........   41%         3    None
 Cause Fear               Hex            ###.......   52%         4    ###....
 Yara's Violent Unravell  Hex/Tmut       ####......   56%         5    #####..
 Metabolic Englaciation   Hex/Ice        ##........   95%         5    #####..


Dungeon Overview and Level Annotations

Branches:
Dungeon (12/15)            Temple (1/1) D:4            Lair (0/6) D:8
Ossuary (visited)
    Orc: D:9-12

Altars:
Ashenzari
Cheibriados
Dithmenos
Elyvilon
Fedhas
Gozag
Hepliaklqana
Kikubaaqudgha
Makhleb
Nemelex Xobeh
Okawaru
Qazlal
Ru
Sif Muna
Trog
Uskayaw
Vehumet
Wu Jian
Xom
Yredelemnul
Zin
The Shining One

Shops:
D:7 %[

Portals:
Trove: D:10 (give 6 scrolls of blinking)

Annotations:
D:9 TerraDOOM's ghost, novice FoFi
D:12 Fannar


Innate Abilities, Weirdness & Mutations

You cannot wear most types of armour.
You are very stealthy in the water. (Stealth+)
You are amphibious.
You can wear up to eight rings at the same time.
You can use your tentacles to constrict eight enemies at once.
Your skin changes colour to match your surroundings (Stealth+).
Your rubbery body absorbs attacks. (AC +1, EV +1)
You cannot study or use magical devices.
You are somewhat unskilled. (-1 Apt)


Message History

The blast of rock fragments hits Fannar!!
Fannar is moderately wounded.
You are feeling very hungry.
You hear a shout!
You hear a horrible gurgling sound!
You hear a shout! x3
You hear an angry buzzing noise.
Fannar casts a spell.
Fannar drains the heat from the surrounding environment!
You feel very cold.
Fannar is frozen.
Fannar resists.
Casting: Lee's Rapid Deconstruction (safe; 5% risk of failure)
Confirm with . or Enter, or press ? or * to list all spells.
Aiming: Lee's Rapid Deconstruction (safe; 5% risk of failure)
Press: ? - help, Dir - move target cursor A rock wall.
The wall shatters!
The blast of rock fragments hits Fannar!
Fannar is heavily wounded.
Fannar mumbles some strange words.
Fannar drains the heat from the surrounding environment!
You feel very cold.
You die...

....... .. ...... ...
.. #.#...# ...
...#.#...# ..
###.#.##..#####.#
##..........e....#
............######
#............# .
#........@##.###
.##................
............##.###.
#.........##.#
#.#.........##.#
#...........)..#####
###................##
######............##
#..............#


You could see Fannar.

Vanquished Creatures
  A two-headed ogre (D:11)
  A queen ant (D:10)
  The ghost of Cowkociz the Destroyer, a journeyman TeCj of Vehumet (D:11)
  A tengu warrior (D:11)
  2 unseen horrors
  Pikel (D:8)
  An obsidian statue (D:11)
  An ugly thing (D:11)
  Maurice (D:9)
  Joseph (D:9)
  Psyche (D:9)
  A kobold demonologist (D:12)
  7 trolls
  Grinder (D:6)
  8 yaks
  Eustachio (D:3)
  2 wraiths (Ossuary)
  2 basilisks (D:8)
  3 neqoxecs (D:11)
  3 hungry ghosts
  5 soldier ants (D:10)
  A water moccasin (D:9)
  Duvessa (D:4)
  A slave (D:8)
  5 orc warriors
  4 porcupines (D:8)
  3 sky beasts
  4 black bears
  8 ogres
  2 phantoms
  A necrophage (D:6)
  An eye of draining (D:9)
  3 centaurs
  A wolf (D:8)
  3 crocodiles
  2 big kobolds
  7 bullfrogs
  Dowan (D:4)
  18 killer bees
  6 wights
  2 howler monkeys
  8 crimson imps
  2 bullfrog zombies
  10 quasits
  A centaur zombie (Ossuary)
  8 hounds
  6 orc priests
  Crazy Yiuf (D:2)
  3 jellies
  9 orc wizards
  A bullfrog skeleton (D:9)
  4 centaur skeletons
  Terence (D:2)
  Jessica (D:2)
  21 worker ants
  Ijyb (D:4)
  4 iguanas
  A hound zombie (D:5)
  2 hound skeletons
  A worker ant zombie (D:5)
  3 gnolls (D:7)
  A howler monkey skeleton (D:10)
  6 adders
  2 shadow imps (D:12)
  An ooze (D:5)
  2 adder zombies (Ossuary)
  2 adder skeletons
  3 worms
  4 leopard geckos
  48 orcs
  9 giant cockroaches
  6 goblins
  3 hobgoblins
  12 jackals
  8 quokkas
  A ball python skeleton (Ossuary)
  8 bats
  6 frilled lizards
  A hobgoblin zombie (Ossuary)
  16 kobolds
  A kobold zombie (Ossuary)
  3 orc skeletons (Ossuary)
  An orc zombie (Ossuary)
  A quokka zombie (D:5)
  3 rats
  A rat zombie (D:5)
  2 fungi (D:2)
358 creatures vanquished.

Vanquished Creatures (others)
  A soldier ant (D:10)
  2 slaves (D:8)
  A bullfrog (D:8)
  A killer bee (D:8)
  A jackal (D:9)
6 creatures vanquished.

Grand Total: 364 creatures vanquished

Notes
Turn   | Place    | Note
-------+----------+-------------------------------------------
     0 | D:1      | dungeonSynth the Octopode Earth Elementalist began the
                  | quest for the Orb.
     0 | D:1      | Reached XP level 1. HP: 11/11 MP: 3/3
   533 | D:1      | Reached XP level 2. HP: 10/17 MP: 1/5
   965 | D:1      | Reached skill level 4 in Earth Magic
  1175 | D:2      | Noticed Terence
  1184 | D:2      | Killed Terence
  1184 | D:2      | Reached XP level 3. HP: 21/21 MP: 2/6
  1524 | D:2      | Reached XP level 4. HP: 23/27 MP: 7/7
  1720 | D:2      | Noticed Jessica
  1724 | D:2      | Killed Jessica
  1724 | D:2      | Reached skill level 5 in Earth Magic
  2020 | D:2      | Found a runed translucent door.
  2021 | D:2      | Noticed Crazy Yiuf
  2029 | D:2      | Killed Crazy Yiuf
  2029 | D:2      | Reached XP level 5. HP: 19/31 MP: 3/8
  2037 | D:2      | Learned a level 3 spell: Stone Arrow
  2040 | D:2      | Learned a level 2 spell: Passwall
  2410 | D:3      | Reached skill level 6 in Earth Magic
  3253 | D:4      | Noticed an ogre
  3255 | D:4      | Noticed Ijyb
  3382 | D:4      | Noticed Eustachio
  3396 | D:3      | Reached XP level 6. HP: 32/36 MP: 9/9
  3644 | D:3      | Reached skill level 7 in Earth Magic
  3778 | D:4      | Killed Ijyb
  3852 | D:4      | Reached XP level 7. HP: 25/41 MP: 7/10
  3911 | D:4      | Reached skill level 8 in Earth Magic
  3964 | D:4      | Noticed Duvessa
  4219 | D:3      | Killed Eustachio
  4750 | D:4      | Noticed Dowan
  4761 | D:4      | Killed Dowan
  4864 | D:4      | Killed Duvessa
  4864 | D:4      | Reached XP level 8. HP: 4/46 MP: 0/14
  5431 | D:4      | Found a staircase to the Ecumenical Temple.
  5485 | Temple   | Entered the Ecumenical Temple
  5643 | Temple   | Became a worshipper of Ru the Awakened
  5865 | D:5      | Entered Level 5 of the Dungeon
  5893 | D:5      | Learned a level 5 spell: Lee's Rapid Deconstruction
  6125 | D:5      | Reached skill level 5 in Spellcasting
  6290 | D:5      | Reached skill level 9 in Earth Magic
  6302 | D:5      | Found a sand-covered staircase.
  6321 | Ossuary  | Entered an ossuary
  6571 | Ossuary  | Noticed a flying skull
  6571 | Ossuary  | Noticed a wraith
  6577 | Ossuary  | Noticed a flying skull
  6604 | Ossuary  | Noticed a flying skull
  6606 | Ossuary  | Noticed a flying skull
  6613 | Ossuary  | Noticed a wraith
  6616 | Ossuary  | Killed a wraith
  6616 | Ossuary  | Reached XP level 9. HP: 46/51 MP: 14/18
  6622 | Ossuary  | Learned a level 4 spell: Petrify
  6688 | Ossuary  | Reached skill level 10 in Earth Magic
  7671 | D:5      | Found an opulent altar of Gozag.
  7843 | D:6      | Gained mutation: You cannot study or use magical devices.
                  | [Ru sacrifice]
  7843 | D:6      | Reached * piety under Ru
  7843 | D:6      | Reached ** piety under Ru
  7880 | D:6      | Noticed Grinder
  7885 | D:6      | Killed Grinder
  7885 | D:6      | Reached skill level 11 in Earth Magic
  8512 | D:7      | Reached skill level 1 in Fighting
  9276 | D:7      | Found Nocsay's Antique Armour Shoppe.
  9380 | D:7      | Reached XP level 10. HP: 64/64 MP: 5/19
  9384 | D:7      | Found Kememoso's Food Shop.
  9391 | D:7      | Reached skill level 5 in Fighting
  9886 | D:7      | You fall into a shaft and drop 3 floors!
  9886 | D:10     | Entered Level 10 of the Dungeon
 10218 | D:10     | Killed an unseen horror
 10870 | D:8      | Noticed Pikel
 10885 | D:8      | Killed Pikel
 10903 | D:8      | Gained mutation: You are somewhat unskilled. (-1 Apt) [Ru
                  | sacrifice]
 10903 | D:8      | Reduced skill Dodging to level 1
 10903 | D:8      | Reduced skill Earth Magic to level 10
 10903 | D:8      | Reached *** piety under Ru
 10903 | D:8      | Reached **** piety under Ru
 11036 | D:8      | Found a transporter.
 11045 | D:8      | Found a transporter.
 11047 | D:8      | Noticed TerraDOOM's ghost (novice FoFi)
 11310 | D:8      | Reached XP level 11. HP: 64/75 MP: 22/22
 11361 | D:8      | Found a staircase to the Lair.
 11378 | D:7      | Bought a kite shield for 139 gold pieces
 11623 | D:8      | Reached skill level 1 in Shields
 12388 | D:9      | Noticed Psyche
 12395 | D:9      | Killed Psyche
 12634 | D:8      | Reached skill level 5 in Shields
 13068 | D:9      | Noticed Joseph
 13086 | D:9      | Killed Joseph
 13379 | D:9      | Noticed Maurice
 13458 | D:9      | Killed Maurice
 14123 | D:10     | Noticed a queen ant
 14136 | D:10     | Killed a queen ant
 15146 | D:10     | Reached XP level 12. HP: 30/81 MP: 13/23
 15445 | D:10     | Found a portal to a secret trove of treasure.
 15552 | D:11     | Learned a level 4 spell: Leda's Liquefaction
 15552 | D:11     | Found a transporter.
 15561 | D:11     | Found a transporter.
 15748 | D:11     | Reached skill level 1 in Hexes
 15748 | D:11     | Reached skill level 1 in Transmutations
 15952 | D:11     | Noticed a tengu warrior
 15958 | D:11     | Killed a tengu warrior
 15966 | D:11     | Learned a level 3 spell: Tukima's Dance
 16628 | D:11     | Identified a scroll of acquirement
 16630 | D:11     | Identified the ring "Ynap" {rElec rF+ rN+++ MR- Str-3} (You
                  | acquired it on level 11 of the Dungeon)
 16779 | D:11     | Noticed Cowkociz's ghost (journeyman TeCj)
 16824 | D:11     | Killed Cowkociz's ghost
 17049 | D:8      | Reached skill level 5 in Transmutations
 17360 | D:12     | Noticed a two-headed ogre
 17379 | D:11     | Killed a two-headed ogre
 17946 | D:12     | Noticed Fannar
 17948 | D:12     | Killed from afar by Fannar

Levels and vault maps discovered:
D:1:      saegor_arrival_simple_c, layout_basic, hex_intersection
D:2:      layout_loops_ring, grunt_ministairs_10, minmay_pentomino_x2,
          uniq_crazy_yiuf_cottage, uniq_terence, uniq_jessica
D:3:      layout_loops_ring, first_ration
D:4:      layout_cave_pools, minmay_temple_entry_statues_pillars, serial_park,
          uniq_eustachio, uniq_ijyb, uniq_duvessa
D:5:      layout_basic, lemuel_round_altar, enter_ossuary_4
D:6:      layout_gridville, uniq_grinder
D:7:      layout_loops_ring, serial_shops, nicolae_shop_crystal, shop
D:8:      layout_rooms, minmay_lair_entry_grove, gammafunk_ghost_stat_death,
          uniq_pikel
D:9:      layout_basic, grunt_pizzeria, uniq_maurice, uniq_joseph, uniq_psyche
D:10:     layout_roguey, nicolae_trove_entry_columns, minmay_another_anthill
D:11:     layout_irregular_city, gammafunk_ghost_stat_death,
          minmay_statue_bubble
D:12:     layout_rooms, orc_0_dummy, uniq_fannar
Temple:   compressed_dpeg_circular_temple

Skill      XL: |  1  2  3  4  5  6  7  8  9 10 11 12 |
---------------+-------------------------------------+-----
Earth Magic    | 4 5 6 7 8 9 11 10 | 10.6
Spellcasting   | 4 6 7 |  7.7
Fighting       | 4 7 |  7.2
Dodging        | 1 |  1.7
Transmutations | 0 6 |  6.3
Shields        | 8 9 |  9.3
Hexes          | 2 |  2.2
Stealth        | |  2.4

Action                   |  1- 3 |  4- 6 |  7- 9 | 10-12 || total
-------------------------+-------+-------+-------+-------++-------
Melee: Unarmed           |    79 |    35 |       |       ||   114
       Constrict         |    21 |    21 |    40 |    58 ||   140
       Tentacles         |    15 |    13 |    23 |    40 ||    91
       Quarterstaff      |       |    46 |   193 |    60 ||   299
       Flail             |       |       |       |   203 ||   203
 Cast: Sandblast         |    10 |    36 |    63 |   128 ||   237
       Stone Arrow       |       |       |     6 |    60 ||    66
       Lee's Rapid Decon |       |       |     6 |    58 ||    64
       Petrify           |       |       |     2 |     1 ||     3
Invok: Sacrifice Artific |       |       |     1 |       ||     1
       Sacrifice Skill   |       |       |       |     1 ||     1
Evoke: Wand              |       |       |     1 |       ||     1
  Use: Potion            |       |     3 |       |     6 ||     9
       Scroll            |       |       |     7 |    17 ||    24
 Stab: Sleeping          |     5 |     5 |    11 |     5 ||    26
       Distracted        |     1 |       |       |     1 ||     2
       Petrified         |       |       |    10 |       ||    10
       Invisible         |       |       |       |     4 ||     4
       Paralysed         |       |       |       |     1 ||     1
  Eat: Chunk             |     2 |     8 |    15 |    23 ||    48
       Ration            |       |       |     1 |     5 ||     6
Armor: Skin              |    14 |     7 |    16 |    73 ||   110
Dodge: Dodged            |    58 |    67 |   178 |   290 ||   593
Block: Kite shield       |       |       |       |    54 ||    54

Table legend:
 A = Non-vault XP
 B = Vault XP
 C = Vault XP percentage of total XP
 D = Non-vault monster count
 E = Vault monster count
 F = Vault count percentage of total count
                 A         B        C        D         E       F
            +---------+---------+-------+---------+---------+-------
      Total |   16819 |    9966 |  37.2 |     274 |      82 |  23.0
            +---------+---------+-------+---------+---------+-------
        D:1 |      33 |       0 |   0.0 |      21 |       0 |   0.0
        D:2 |      31 |     124 |  80.0 |      12 |       7 |  36.8
        D:3 |     249 |     203 |  44.9 |      28 |       1 |   3.4
        D:4 |     555 |     248 |  30.9 |      24 |       3 |  11.1
        D:5 |     911 |       2 |   0.2 |      24 |       2 |   7.7
        D:6 |     650 |     290 |  30.9 |      13 |       1 |   7.1
        D:7 |    1415 |     101 |   6.7 |      33 |       1 |   2.9
        D:8 |    1773 |    2470 |  58.2 |      29 |      18 |  38.3
        D:9 |    2310 |    1439 |  38.4 |      28 |       4 |  12.5
       D:10 |    3491 |    2254 |  39.2 |      35 |      22 |  38.6
       D:11 |    3360 |    2233 |  39.9 |      14 |       9 |  39.1
       D:12 |    2041 |       0 |   0.0 |      13 |       0 |   0.0
    Ossuary |       0 |     602 | 100.0 |       0 |      14 | 100.0
            +---------+---------+-------+---------+---------+-------
